[Event "Chinese League Division-A 2024"]
[Site "Fuling Chongqing"]
[Date "2024.07.04"]
[Round "8.3"]
[White "Xiu, Deshun"]
[Black "Shen, Fuyan"]
[Result "1-0"]
[ECO "D12"]
[WhiteElo "2514"]
[BlackElo "1830"]
[Annotator "TA"]
[PlyCount "95"]
[EventDate "2024.06.28"]
[EventType "team-tourn"]
[EventCountry "CHN"]
[SourceTitle "playchess.com"]
[Source "ChessBase"]
[SourceQuality "1"]
[TimeControl "40/5400+30:1800+30"]

1. d4 d5 2. c4 c6 3. Nf3 Nf6 4. e3 Bf5 5. Nc3 e6 6. Nh4 Bg6 7. Nxg6 hxg6 8. Bd2 Nbd7 9. Qc2 Be7 10. O-O-O {[%emt 0:05:43] The position is equal.} O-O 11. Kb1 a5 (11... dxc4 $11 12. Bxc4 Rc8) 12. h4 $14 Qb8 13. cxd5 cxd5 14. f3 Rc8 {[%emt 0:01:50] [#]} 15. Qb3 {[%emt 0:00:11] Against b5} ({Better is} 15. Bb5 $1 $16) 15... Bb4 16. a3 Bxc3 17. Bxc3 Qc7 18. Rc1 Nb6 19. Bd2 Nc4 20. Bxc4 dxc4 21. Qb5 Qd7 22. Qxd7 Nxd7 23. h5 Kh7 {[%emt 0:15:21] White leaves nothing to chance now.} 24. e4 f6 25. h6 b5 {[%emt 0:00:05] Black is weak on the dark squares} 26. Rh3 {[%emt 0:10:45] White is more active.} Rh8 {[%emt 0:09:55] [#]} (26... gxh6 $16 27. Rxh6+ Kg7) 27. a4 $1 $18 bxa4 28. Rxc4 Rhc8 29. hxg7+ Kxg7 30. Rxa4 Nb6 31. Rxa5 Nc4 32. Bh6+ Kg8 33. Rxa8 Rxa8 {[%emt 0:00:02][%mdl 4096] Endgame. KRB-KRN} 34. Bc1 Rd8 35. Kc2 Rxd4 (35... Na5 $142 36. Be3 Rc8+ 37. Kd3 Nc6) 36. b3 Na5 37. Bb2 Rb4 38. Bxf6 Nxb3 39. Bc3 Rb5 40. Rh8+ Kf7 41. Rh7+ Kf8 42. Kd3 {[%emt 0:07:30] aiming for Kc4.} Nc1+ 43. Kc4 Rb6 44. Rc7 {[%emt 0:01:16] Dodges Rc6+} Rb1 45. Bd2 Ne2 46. Bh6+ Ke8 47. Rg7 Rh1 48. Be3 {[%emt 0:00:14] Weighted Error Value: White=0.06 (flawless) /Black=0.14 (very precise) .  Mistake:       	White=1     	Black=3      Inaccurate:     	---       	Black=2      OK:         	White=25    	Black=16     Best:        	---       	Black=4} ({Worse is} 48. Rxg6 Kf7 49. Rg7+ Kf8 $11) 1-0

[Event "Chinese League Division-A 2024"]
[Site "Fuling Chongqing"]
[Date "2024.07.04"]
[Round "8.4"]
[White "Zhao, Yunqing"]
[Black "Wang, Yu A."]
[Result "1/2-1/2"]
[ECO "E11"]
[WhiteElo "1986"]
[BlackElo "2234"]
[Annotator "RC"]
[PlyCount "122"]
[EventDate "2024.06.28"]
[EventType "team-tourn"]
[EventCountry "CHN"]
[SourceTitle "playchess.com"]
[Source "ChessBase"]
[SourceQuality "1"]
[TimeControl "40/5400+30:1800+30"]

1. d4 Nf6 2. c4 e6 3. g3 Bb4+ 4. Bd2 a5 5. Bg2 d5 6. Nf3 O-O 7. O-O dxc4 8. Qc2 Bxd2 9. Nbxd2 b5 10. e4 Bb7 11. a4 c6 12. e5 Nd5 13. Ne4 h6 14. Nd6 Ba6 15. Nd2 Nd7 16. N2e4 Rb8 17. Rfb1 b4 18. Bf1 b3 19. Qd2 Nb4 20. Rd1 Nc2 21. Rac1 Rb4 22. Qc3 Nb6 23. Nc5 Nxa4 24. Nxa4 Rxa4 25. Nxc4 Rb4 26. Ne3 Bxf1 27. Nxc2 bxc2 28. Rxf1 Qxd4 29. Qxd4 Rxd4 30. Rxc2 Rb8 31. Ra1 Rb5 32. f4 Rbd5 33. Re1 Rd2 34. Re2 Rxe2 35. Rxe2 Rd3 36. Rc2 Rb3 37. Kf2 Kf8 38. h3 Ke7 39. Rxc6 Rxb2+ 40. Kf3 a4 41. Rc7+ Ke8 42. Ra7 Rb3+ 43. Kg4 a3 44. Kh4 g6 45. Kg4 Re3 46. Kh4 Kf8 47. Kg4 Kg7 48. Kh4 g5+ 49. fxg5 hxg5+ 50. Kg4 Kg6 51. Ra8 f5+ 52. exf6 Kxf6 53. Ra5 Ke7 54. Ra6 Kd7 55. h4 gxh4 56. gxh4 Ke7 57. Kg5 Rg3+ 58. Kf4 Rh3 59. Kg5 Rg3+ 60. Kf4 Rb3 61. Kg5 Rg3+ 1/2-1/2

[Event "Chinese League Division-A 2024"]
[Site "Fuling Chongqing"]
[Date "2024.07.04"]
[Round "8.5"]
[White "Guo, Weibao"]
[Black "Feng, Eunice"]
[Result "0-1"]
[ECO "D12"]
[WhiteElo "1900"]
[BlackElo "1936"]
[Annotator "NA RC"]
[PlyCount "112"]
[EventDate "2024.06.28"]
[EventType "team-tourn"]
[EventCountry "CHN"]
[SourceTitle "playchess.com"]
[Source "ChessBase"]
[SourceQuality "1"]
[TimeControl "40/5400+30:1800+30"]

1. d4 d5 2. c4 c6 3. Nf3 Nf6 4. e3 Bf5 5. cxd5 cxd5 6. Qb3 Qc8 7. Bd2 {[%emt 0:01:27] 7.Bd2 is better than 7.Nc3.} e6 {[%emt 0:01:47] D12: Slav Defence: 3 Nf3 Nf6 4 e3 Bf5.} 8. Bb5+ Nc6 9. O-O Bd6 10. Bb4 Qc7 11. Rc1 O-O 12. Bxd6 $146 ({Predecessor:} 12. Bxc6 bxc6 13. Nbd2 Rab8 14. Bxd6 Qxd6 15. Qc3 Nd7 16. b3 Rbc8 17. Ne5 f6 18. Nxd7 Qxd7 {1-0 Jodorcovsky Werjivker,P (2165)-Lanzilotta Mernies,M (1980) Montevideo zt 2.5 2013 (8)}) 12... Qxd6 13. Bxc6 bxc6 14. Qa3 Qxa3 15. Nxa3 Rab8 16. b3 Rfc8 17. Ne5 Rb6 18. f3 Rc7 19. Nb1 ({White should try} 19. g4 $16 Bg6 20. h4) 19... Bxb1 20. Raxb1 Nd7 21. Nxd7 Rxd7 22. Rc5 Kf8 23. Rbc1 Rc7 24. Kf2 Ke7 25. Ke2 Kd6 26. Kd3 Rb5 27. h4 Rxc5 28. Rxc5 $14 (28. Rc2 $2 ) 28... e5 (28... h5 29. Ra5) 29. b4 f6 30. Kc3 Rb7 31. a3 Rb5 32. g3 h5 33. Kd3 Rxc5 34. bxc5+ Ke6 35. Kc3 Kf5 36. Kd3 g5 37. e4+ dxe4+ 38. fxe4+ Ke6 39. Kc4 exd4 40. Kxd4 gxh4 41. gxh4 f5 42. a4 f4 43. a5 $19 a6 44. e5 f3 45. Ke3 Kxe5 46. Kxf3 Kf5 47. Ke3 Kg4 48. Ke4 Kxh4 49. Ke5 Kg5 50. Kd6 h4 51. Kxc6 h3 52. Kd7 h2 53. c6 h1=Q 54. c7 Qd5+ 55. Ke7 Qc5+ 56. Kd7 Qxa5 0-1

[Event "Chinese League Division-A 2024"]
[Site "Fuling Chongqing"]
[Date "2024.07.04"]
[Round "8.6"]
[White "Wang, Yue"]
[Black "Chen, Qi b"]
[Result "1/2-1/2"]
[ECO "C67"]
[WhiteElo "2652"]
[BlackElo "2481"]
[Annotator "TA"]
[PlyCount "62"]
[EventDate "2024.06.28"]
[EventType "team-tourn"]
[EventCountry "CHN"]
[SourceTitle "playchess.com"]
[Source "ChessBase"]
[SourceQuality "1"]
[TimeControl "40/5400+30:1800+30"]

1. e4 e5 2. Nf3 Nc6 3. Bb5 Nf6 4. O-O Nxe4 5. d4 Nd6 6. Bxc6 dxc6 7. dxe5 Nf5 8. Qxd8+ Kxd8 9. Nc3 Be7 10. Rd1+ Ke8 11. g4 Nh4 12. Nxh4 Bxh4 13. h3 h5 14. f3 Be6 15. Ne2 {[%emt 0:01:26] Prevents Bg3.} Rd8 16. Bf4 Bc4 {[%emt 0:05:21] This pair of bishops is nice.} 17. Nc3 f5 18. exf6 Bxf6 19. Bxc7 Rd7 {[%emt 0:01:23] [#] And now ...Bxc3 would win.} 20. Re1+ Kf7 {[%emt 0:00:22] Threatens to win with ...Bxc3.} 21. Be5 hxg4 22. hxg4 Bxe5 23. Rxe5 Rd2 24. Rd1 Rxc2 {[%emt 0:00:30][%cal Oh8h2] [#] Strongly threatening ...Rhh2!} 25. Rd7+ Kf6 26. Rf5+ Ke6 $1 {[%emt 0:00:23] aiming for ...Rhh2. The position is equal.} 27. Rff7 {[%emt 0:00:26] Intending Rde7+ and mate.} (27. Rxb7 Rhh2) 27... Bd5 $1 28. Rde7+ (28. Ne2 $5 Ke5 $8 29. Rfe7+ Kf6 30. Rxb7 $11) 28... Kd6 29. Rd7+ (29. Rxg7 Bxf3 (29... Rxb2 30. Rd7+ Ke5 31. Nxd5 $11) 30. Ne4+ Kd5 31. Nf6+ Kc5) 29... Ke6 30. Rde7+ Kd6 31. Rd7+ (31. Rxg7 Bxf3 (31... Rxb2 32. Rd7+ Ke5 33. Nxd5 $11) 32. Ne4+ Kd5 33. Nf6+ Kc5 34. b4+ Kxb4 35. Rxb7+ Kc5 $11) 31... Ke5 {[%emt 0:00:06] Weighted Error Value: White=0.04 (flawless) /Black=0.02 (flawless) .  Inaccurate:     	White=1     	---        OK:         	White=8     	Black=4      Best:        	---       	Black=3      Strong:       	---       	Black=2} 1/2-1/2

[Event "Chinese League Division-A 2024"]
[Site "Fuling Chongqing"]
[Date "2024.07.04"]
[Round "8.7"]
[White "Xu, Jun"]
[Black "Dai, Changren"]
[Result "1/2-1/2"]
[ECO "D37"]
[WhiteElo "2471"]
[BlackElo "2502"]
[Annotator "TA"]
[PlyCount "68"]
[EventDate "2024.06.28"]
[EventType "team-tourn"]
[EventCountry "CHN"]
[SourceTitle "playchess.com"]
[Source "ChessBase"]
[SourceQuality "1"]
[TimeControl "40/5400+30:1800+30"]

1. d4 d5 2. c4 e6 3. Nf3 Nf6 4. Nc3 Be7 5. Bf4 O-O 6. e3 Nbd7 7. a3 c5 8. cxd5 Nxd5 9. Nxd5 exd5 10. dxc5 Nxc5 11. Be5 Bf5 12. Be2 Bf6 13. Bxf6 Qxf6 14. Nd4 Be4 15. Rc1 Rac8 (15... Bxg2 $2 {is the wrong capture.} 16. Rg1 $18) 16. O-O Ne6 17. Qd2 Nxd4 18. Qxd4 Qxd4 19. exd4 Bf5 20. g4 Be6 21. f4 f5 22. g5 Rxc1 23. Rxc1 Rc8 24. Rxc8+ Bxc8 $14 {[%emt 0:00:05][%mdl 4096] Endgame. KB-KB} 25. Kf2 Kf7 26. h4 Ke6 27. Ke3 Kd6 28. Kd2 Bd7 29. Kc3 a5 30. b4 b6 31. Bd3 Ke6 32. Be2 Kd6 33. Bd3 Ke6 $1 34. Be2 Kd6 {[%emt 0:00:41] Weighted Error Value: White=0.07 (flawless) /Black=0.02 (flawless) .  OK:         	White=12    	Black=9      Strong:       	---       	Black=1} 1/2-1/2

[Event "Chinese League Division-A 2024"]
[Site "Fuling Chongqing"]
[Date "2024.07.04"]
[Round "8.8"]
[White "Chu, Wei Chao"]
[Black "Lin, Chen"]
[Result "1/2-1/2"]
[ECO "D79"]
[WhiteElo "2412"]
[BlackElo "2484"]
[Annotator "TA"]
[PlyCount "63"]
[EventDate "2024.06.28"]
[EventType "team-tourn"]
[EventCountry "CHN"]
[SourceTitle "playchess.com"]
[Source "ChessBase"]
[SourceQuality "1"]
[TimeControl "40/5400+30:1800+30"]

1. d4 Nf6 2. c4 g6 3. g3 c6 4. Bg2 d5 5. cxd5 cxd5 6. Nc3 Bg7 7. Nf3 O-O 8. O-O Ne4 9. Ne5 Nxc3 10. bxc3 Nc6 11. Nxc6 bxc6 12. Qa4 Qb6 13. Ba3 {[%emt 0:03:35] The position is equal.} (13. e4 {is interesting.} Qa6 14. Qa3 dxe4 15. Bxe4 e5 16. Rd1) 13... Qa6 14. Qxa6 Bxa6 15. Rfe1 Rfe8 16. e3 e6 17. Bf1 Bxf1 18. Kxf1 Bf8 19. Bxf8 Kxf8 $11 {[%emt 0:00:10][%mdl 4096] Endgame. KRR-KRR} 20. Reb1 Reb8 21. Rb3 Rb6 22. Rab1 Rab8 23. Ke2 Ke7 24. Kd3 Kd6 25. c4 {[%emt 0:02:31] [#] c5+ would now be deadly.} Rxb3+ 26. axb3 dxc4+ 27. Kxc4 {[%emt 0:00:09] KR-KR} a5 28. Ra1 Rb4+ 29. Kc3 Rb5 30. Kc4 Rb4+ 31. Kc3 Rb5 32. Kc4 {[%emt 0:00:03] A rather calm draw.   Weighted Error Value: White=0.01 (flawless) /Black=0.00 (flawless) .  OK:         	White=9     	Black=14     Best:        	White=2     	---} 1/2-1/2

[Event "Chinese League Division-A 2024"]
[Site "Fuling Chongqing"]
[Date "2024.07.04"]
[Round "8.9"]
[White "Guo, Qi"]
[Black "Xiao, Yiyi"]
[Result "1/2-1/2"]
[ECO "D32"]
[WhiteElo "2362"]
[BlackElo "2338"]
[Annotator "TA"]
[PlyCount "66"]
[EventDate "2024.06.28"]
[EventType "team-tourn"]
[EventCountry "CHN"]
[SourceTitle "playchess.com"]
[Source "ChessBase"]
[SourceQuality "1"]
[TimeControl "40/5400+30:1800+30"]

1. d4 d5 2. c4 e6 3. Nc3 Nf6 4. Nf3 c5 5. e3 a6 6. cxd5 exd5 7. Be2 Nc6 8. O-O Bd6 9. dxc5 Bxc5 10. b3 O-O 11. Bb2 Ba7 12. Rc1 Re8 13. Rc2 Be6 14. Rd2 Qe7 15. Qb1 Rad8 16. Rfd1 (16. h3 $11) 16... Bg4 ({Better is} 16... Ng4 $15 17. Bd3 (17. Nxd5 $2 {perishes.} Bxd5 18. Rxd5 Nxf2 $19) 17... h6) 17. Nxd5 $11 {[%emt 0:03:10] The position is equal.} Nxd5 18. Rxd5 Rxd5 19. Rxd5 Bxe3 20. Bc4 Bf4 {[%emt 0:02:50] [#] Strongly threatening ...Bxf3.} 21. Qd3 Bh6 {[%emt 0:05:01] White must now prevent ...b5.} 22. Qc3 {[%emt 0:01:22][%cal Od5g5] Hoping for Rg5!} Be6 23. Rd1 Bxc4 $1 24. Qxc4 {[%emt 0:00:06] g4 is the strong threat.} Qe2 25. Qxe2 Rxe2 26. Re1 Rxe1+ 27. Nxe1 {[%emt 0:00:07][%mdl 4096] Endgame. KBN-KBN} f6 28. Nd3 Kf7 29. Nc5 Nd8 30. Kf1 Bf4 31. Ke2 Bd6 (31... Bxh2 $2 32. g3 $18) 32. Bd4 Ne6 (32... Bxh2 $2 {loses.} 33. g3 $18) 33. Nxe6 Kxe6 {[%emt 0:00:06] An even fight not without its subleties.   Weighted Error Value: White=0.05 (flawless) /Black=0.04 (flawless) .  Mistake:       	White=1     	Black=1      OK:         	White=9     	Black=11     Strong:       	---       	Black=1} 1/2-1/2

[Event "Chinese League Division-A 2024"]
[Site "Fuling Chongqing"]
[Date "2024.07.04"]
[Round "8.10"]
[White "Zhou, Shumeng"]
[Black "Gao, Muziyan"]
[Result "1/2-1/2"]
[ECO "B32"]
[WhiteElo "2173"]
[BlackElo "1943"]
[Annotator "RC"]
[PlyCount "77"]
[EventDate "2024.06.28"]
[EventType "team-tourn"]
[EventCountry "CHN"]
[SourceTitle "playchess.com"]
[Source "ChessBase"]
[SourceQuality "1"]
[TimeControl "40/5400+30:1800+30"]

1. e4 c5 2. Nf3 Nc6 3. d4 cxd4 4. Nxd4 e5 5. Nb5 d6 6. N1c3 a6 7. Na3 Be7 8. Be3 Nf6 9. Nc4 b5 10. Nb6 Rb8 11. Nbd5 O-O 12. Be2 b4 13. Nxf6+ Bxf6 14. Nd5 Bg5 15. O-O a5 16. Qd2 Bxe3 17. Nxe3 Be6 18. c3 bxc3 19. bxc3 Qc7 20. Rfd1 Rfd8 21. Rab1 Rxb1 22. Rxb1 Ne7 23. Bb5 g6 24. a4 Kg7 25. c4 Nc6 26. Bxc6 Qxc6 27. Qxa5 Qxe4 28. Qb4 Bxc4 29. Nxc4 Rc8 30. Re1 Qxc4 31. Qxd6 Qc3 32. Kf1 Qc4+ 33. Kg1 Qd4 34. Qxd4 exd4 35. Rd1 Rc4 36. Ra1 d3 37. Kf1 d2 38. Rd1 Rxa4 39. Rxd2 1/2-1/2

[Event "Chinese League Division-A 2024"]
[Site "Fuling Chongqing"]
[Date "2024.07.04"]
[Round "8.11"]
[White "Wan, Yunguo"]
[Black "Bai, Jinshi"]
[Result "1/2-1/2"]
[ECO "C64"]
[WhiteElo "2498"]
[BlackElo "2564"]
[Annotator "TA"]
[PlyCount "119"]
[EventDate "2024.06.28"]
[EventType "team-tourn"]
[EventCountry "CHN"]
[SourceTitle "playchess.com"]
[Source "ChessBase"]
[SourceQuality "1"]
[TimeControl "40/5400+30:1800+30"]

1. e4 e5 2. Nf3 Nc6 3. Bb5 a6 4. Ba4 Bc5 5. O-O Nge7 6. c3 Ng6 {[%emt 0:00:16] 6...Ba7 is the modern continuation. C64: Ruy Lopez: Classical Defence (3...Bc5) except 4 0-0 Nf6.} 7. d4 Ba7 8. Bg5 f6 9. Be3 O-O 10. d5 Nce7 11. Bxa7 Rxa7 12. d6 cxd6 13. Qxd6 b5 14. Bb3+ Kh8 15. Nbd2 Qc7 16. Qxc7 Rxc7 17. a4 Bb7 18. axb5 axb5 19. Ra5 $146 ({Predecessor:} 19. g3 d5 20. exd5 Nxd5 21. Ra7 Nde7 22. Rfa1 Nc8 23. R7a5 Nd6 24. Ne1 Rd8 25. Nc2 {½-½ Iljiushenok,I (2527)-Drygalov,A (2494) Moscow op-A 18th 2022 (7)}) 19... Nc6 20. Ra2 Nce7 21. Rfa1 Rb8 22. Ne1 d5 23. Ra5 Bc6 24. Nd3 dxe4 25. Nc5 h5 26. Ndxe4 (26. Na6 Rd8 27. Nxe4 (27. Nxc7 Rxd2 28. Rd1 Rxb2 $15) 27... Ra7 $11) 26... Bxe4 27. Nxe4 Nf4 (27... b4 $11 {keeps the balance.} 28. c4 (28. Ra8 Rxa8 29. Rxa8+ Kh7 $11) 28... Nc6) 28. g3 Nd3 (28... b4 $16 {keeps fighting.}) 29. Ra8 $1 $18 Rcc8 (29... Rxa8 $16 30. Rxa8+ Rc8 31. Rxc8+ Nxc8) 30. Rxb8 (30. R8a7 $18 Nc6 31. Rd7) 30... Rxb8 $16 31. Ra7 Nc6 32. Rc7 Na5 33. Bf7 Nxb2 34. Bxh5 Nbc4 35. Bg6 Nb7 36. Kg2 Ncd6 37. Nxd6 Nxd6 38. Kf3 Kg8 39. Rd7 Nc4 40. Ke4 Rc8 $1 41. Ra7 Nb6 42. Kf5 Kf8 {[%emt 0:16:43] [#]} ({Black should play} 42... Rd8 $14) 43. h4 (43. Bh5 $1 $18) 43... Nd5 44. Ke6 Nb6 (44... Nxc3 $2 {perishes.} 45. Kd7 Rb8 46. Kc7 $18) 45. h5 Rxc3 {[%emt 0:01:16] [#]} 46. Rf7+ ({Better is} 46. Be4 $1 $16 {Rb7 would now be deadly.} Rc8 47. Rf7+ Kg8 48. Re7) 46... Kg8 $11 47. Rb7 Rc6+ 48. Kf5 Nc8 49. Rb8 (49. Rxb5 $2 {is the wrong capture.} Nd6+ 50. Kg4 Nxb5 $19) 49... Kf8 50. Ke4 (50. Rxb5 $2 {loses.} Nd6+ 51. Kg4 Nxb5 $19) 50... Ke7 51. Rb7+ Kf8 52. Rf7+ Kg8 53. Rd7 Rd6 $1 54. Rc7 Rd8 55. Kf5 Kf8 56. Rf7+ Kg8 57. Rc7 Kf8 58. Rf7+ Kg8 59. Rc7 e4 60. Kxe4 1/2-1/2

[Event "Chinese League Division-A 2024"]
[Site "Fuling Chongqing"]
[Date "2024.07.04"]
[Round "8.12"]
[White "Kong, Xiangrui"]
[Black "Nie, Xinyang"]
[Result "1-0"]
[ECO "C43"]
[WhiteElo "2439"]
[BlackElo "2395"]
[Annotator "TA"]
[PlyCount "111"]
[EventDate "2024.06.28"]
[EventType "team-tourn"]
[EventCountry "CHN"]
[SourceTitle "playchess.com"]
[Source "ChessBase"]
[SourceQuality "1"]
[TimeControl "40/5400+30:1800+30"]

1. e4 e5 2. Nf3 Nf6 3. d4 Nxe4 4. Bd3 d5 5. Nxe5 Nd7 6. O-O Nxe5 7. dxe5 Nc5 8. Be3 Be7 9. f4 Nxd3 {[%emt 0:02:43] The position is equal.} 10. Qxd3 g6 11. Nc3 c6 12. Ne2 O-O 13. Ng3 f5 14. exf6 Bxf6 15. f5 Bxf5 16. Nxf5 gxf5 17. Rxf5 {[%emt 0:01:58] Black must now prevent Bc5.} Qd7 (17... Bxb2 $11 {remains equal.} 18. Rg5+ Qxg5 19. Bxg5 Bxa1) 18. Raf1 $16 Bg7 19. Rxf8+ Rxf8 20. Rxf8+ Bxf8 21. Bxa7 {[%emt 0:00:15][%mdl 4096] Endgame. KQB-KQB} Bg7 22. Bd4 {[%emt 0:05:59] aiming for Qg3.} Bxd4+ 23. Qxd4 {[%emt 0:00:02] KQ-KQ} Qe6 24. Kf1 {[%emt 0:02:29] Dodges Qe1+} b5 25. Qf4 {[%emt 0:03:15] Prevents Qh6} d4 26. Qxd4 Qxa2 27. Ke2 Qb1 (27... Qe6+ $16 {is a better defense.} 28. Kd3 Qg6+ 29. Qe4 Qd6+ 30. Qd4 Qg6+ 31. Kc3 (31. Qe4 Qd6+ 32. Ke3 c5 $16) 31... Qxg2) 28. Kd2 $18 Qh1 29. Qg4+ Kf7 30. Qf3+ Kg8 31. Qg4+ (31. Qxc6 Qxh2 32. Qd5+ (32. Qxb5 Qxg2+ 33. Qe2 Qg5+ 34. Qe3 Qd5+ 35. Kc3 Qc6+ 36. Kb3 Qb5+ 37. Ka2 h5 $14) 32... Kg7) 31... Kf7 $1 32. Qd7+ Kg8 33. Qc8+ (33. Qxc6 Qxh2 34. Qe4 (34. Qxb5 Qxg2+ 35. Kc3 Qg7+ 36. Kb3 Qf7+ 37. c4 h5 $14) 34... Qg3) 33... Kg7 34. Qc7+ (34. Qxc6 Qxh2 35. Kc3 (35. Qxb5 Qxg2+ 36. Kc3 Qf3+ 37. Qd3 Qc6+ 38. Kd2 Qg2+ 39. Kc3 Qc6+ 40. Qc4 Qf3+ 41. Qd3 Qc6+ $11) 35... Qe5+ 36. Kb3 Qe2 $14) 34... Kg8 35. Qg3+ (35. Qxc6 Qxh2 36. Qc8+ (36. Qxb5 Qxg2+ 37. Kc3 Qg7+ 38. Kb3 Qf7+ 39. c4 h5 $11) 36... Kg7) 35... Kf7 36. Qf2+ (36. Kc3 $18) 36... Kg8 (36... Ke6 $16) 37. h3 $1 Qh2 {[%emt 0:00:05] [#]} 38. Kc3 $1 Qe5+ 39. Qd4 Qe1+ {[%emt 0:01:53] [#]} 40. Kb3 $1 Qe6+ (40... Qa5 $142 41. Qg4+ Kf7) 41. Kb4 {[%emt 0:04:06] Qg4+ is the strong threat.} Qa2 42. Qd3 {[%emt 0:02:39] Hoping for Qb3+.} Qa7 43. Qd8+ Kf7 44. b3 {[%emt 0:00:48] Wards off Qa4+. Active counter play!} Ke6 (44... h6 $142 45. Qd6 Qb6) 45. Qg8+ {[%emt 0:01:34] White is clearly winning.} Kd6 46. Qf8+ Kd5 (46... Ke6 $142 47. Qh6+ Kd5 48. c4+ bxc4) 47. Qf5+ Kd6 48. Qf6+ Kd5 49. c4+ bxc4 50. bxc4+ Ke4 51. Qxc6+ Kf4 52. Qd6+ Ke4 53. Qd5+ Kf4 54. c5 {[%emt 0:00:57] Qd6+ would now be deadly.} Ke3 55. g4 Qa6 56. g5 {[%emt 0:01:32] Weighted Error Value: White=0.10 (very precise) /Black=0.24 (precise) .  Mistake:       	White=1     	Black=7      Inaccurate:     	White=1     	Black=2      OK:         	White=19    	Black=15     Best:        	White=4     	Black=1      Strong:       	White=3     	Black=1} (56. c6 $142 Kf2 57. Qb5) 1-0

[Event "Chinese League Division-A 2024"]
[Site "Fuling Chongqing"]
[Date "2024.07.04"]
[Round "8.13"]
[White "Peng, Xiongjian"]
[Black "Ma, Qun"]
[Result "1/2-1/2"]
[ECO "B12"]
[WhiteElo "2521"]
[BlackElo "2643"]
[Annotator "TA"]
[PlyCount "91"]
[EventDate "2024.06.28"]
[EventType "team-tourn"]
[EventCountry "CHN"]
[SourceTitle "playchess.com"]
[Source "ChessBase"]
[SourceQuality "1"]
[TimeControl "40/5400+30:1800+30"]

1. e4 c6 2. d4 d5 3. e5 Bf5 4. Nf3 e6 5. Be2 c5 6. c4 dxc4 7. Nc3 Nc6 8. Be3 cxd4 9. Nxd4 Nge7 (9... Nxd4 {simplifies} 10. Qxd4 Qxd4 11. Bxd4 Ne7) 10. Qa4 {[%emt 0:09:59][%cal Oe1c1] And now 0-0-0! would win.} a6 {[%emt 0:02:17] ...b5 would now be deadly.} 11. O-O-O Qa5 12. Nxf5 Nxf5 13. Qxa5 Nxa5 14. Bb6 Bb4 15. f4 {[%emt 0:04:34][%mdl 1024] White has compensation.} Nc6 16. Bf3 Nfe7 17. a3 Ba5 18. Bc5 {[%emt 0:00:19] This pair of bishops is nice.} Bxc3 19. bxc3 Rd8 20. Kc2 (20. Rxd8+ {simplifies} Nxd8 21. Rd1 h6 22. g3) 20... Rd7 (20... Nd5 $11 {keeps the balance.}) 21. a4 (21. Rxd7 {simplifies} Kxd7 22. Bxe7 Nxe7 23. Bxb7 a5 24. Rd1+) 21... Nd5 22. Bxd5 Rxd5 23. Rxd5 exd5 $14 {[%emt 0:00:01][%mdl 4096] Endgame. KRB-KRN} 24. Rb1 $1 Na5 25. Rb6 Kd7 26. Rd6+ Kc8 27. Bb6 {[%emt 0:00:11] White is more active.} Nc6 28. Rxd5 h5 29. Kd2 Re8 30. Ke3 f6 31. Ke4 g6 32. g3 Re7 33. Rd6 (33. Bc5 $16 f5+ 34. Kf3) 33... fxe5 $11 {[%emt 0:00:15] The position is equal.} 34. Rxg6 exf4+ 35. Kxf4 Re2 36. Rg7 {[%emt 0:00:08] Threatens to win with Rc7+.} Rxh2 37. Rc7+ Kb8 38. Rh7 {[%emt 0:00:07] [#] White wants to mate with Rh8+.} Kc8 39. g4 Rb2 40. a5 hxg4 41. Rc7+ Kb8 {[%emt 0:00:04][%cal Oc6a5] [#] White must now prevent ...Nxa5!} 42. Rg7 {[%emt 0:00:24] Rg8+ would kill now.} Kc8 43. Rc7+ Kb8 {[%emt 0:00:01][%cal Oc6a5] Strongly threatening ...Nxa5!} 44. Rg7 Kc8 45. Rc7+ Kb8 {[%emt 0:00:02][%cal Oc6a5] ...Nxa5! is the strong threat.} 46. Rg7 {[%emt 0:01:12] Weighted Error Value: White=0.11 (very precise) /Black=0.11 (very precise) .  Mistake:       	White=1     	Black=1      Inaccurate:     	White=6     	Black=5      OK:         	White=21    	Black=12     Best:        	White=1     	Black=9      Strong:       	White=1     	---} 1/2-1/2

[Event "Chinese League Division-A 2024"]
[Site "Fuling Chongqing"]
[Date "2024.07.04"]
[Round "8.14"]
[White "Zhai, Mo"]
[Black "Sun, Fanghui"]
[Result "1-0"]
[ECO "D85"]
[WhiteElo "2348"]
[BlackElo "2115"]
[Annotator "RC"]
[PlyCount "151"]
[EventDate "2024.06.28"]
[EventType "team-tourn"]
[EventCountry "CHN"]
[SourceTitle "playchess.com"]
[Source "ChessBase"]
[SourceQuality "1"]
[TimeControl "40/5400+30:1800+30"]

1. d4 Nf6 2. c4 g6 3. Nc3 d5 4. cxd5 Nxd5 5. e4 Nxc3 6. bxc3 Bg7 7. Ba3 Nd7 8. Nf3 c5 9. Qb3 O-O 10. Be2 cxd4 11. cxd4 Nf6 12. e5 Be6 13. Qxb7 Nd5 14. O-O Nc3 15. Qa6 Bd5 16. Bc5 Bh6 17. Rfe1 Qd7 18. Qd3 Na4 19. Bb4 Rfc8 20. Qa3 e6 21. Ba6 Rcb8 22. Bf1 Bxf3 23. Qxf3 Qxd4 24. Bd6 Rd8 25. Ba6 Nc5 26. Bb5 Rac8 27. Be7 Rd5 28. Rad1 Qb4 29. Bf1 Bd2 30. Re2 Qa5 31. a3 h5 32. h4 Rd3 33. Rexd2 Rxd2 34. Rc1 Rd5 35. Qf4 Re8 36. Bf6 Kh7 37. g4 Nd3 38. Bxd3 Rxd3 39. Bg5 Kg8 40. gxh5 Qd5 41. hxg6 fxg6 42. Qf6 Qe4 43. Bh6 Qg4+ 44. Kf1 Rd7 45. Qg5 Rd1+ 46. Rxd1 Qxd1+ 47. Kg2 Qh5 48. Qf4 Qf5 49. Qd4 Qf7 50. a4 Qb7+ 51. Kh2 a6 52. Bg5 Rc8 53. Qd3 Qf7 54. Bf6 a5 55. Qa6 Rc2 56. Qa8+ Qf8 57. Qa7 Ra2 58. Qd7 Rxf2+ 59. Kg3 Rc2 60. Qd3 Qc5 61. Qxg6+ Kf8 62. Qg7+ Ke8 63. Qg8+ Kd7 64. Qf7+ Kc8 65. Qxe6+ Kc7 66. Qf7+ Kb6 67. Bd8+ Ka6 68. Qe6+ Kb7 69. Qe7+ Kc6 70. Qxc5+ Rxc5 71. Bf6 Rc3+ 72. Kg4 Kd5 73. h5 Rc1 74. h6 Rh1 75. Bh4 Rg1+ 76. Kh5 1-0